 Dungeon Sprint DCSS version 0.29-a0-824-gd827844252 (webtiles) character file.

Game seed: 5751138575992281557

46 mhtbhm the Digger (level 3, -8/19 HPs)
             Began as a Gargoyle Earth Elementalist on July 9, 2022.
             Was a Priest of Vehumet.
             Mangled by a warg (10 damage)
             ... in the Dungeon (Sprint VII: "The Pits").
             The game lasted 00:01:16 (689 turns).

mhtbhm the Digger (Gargoyle Earth Elementalist)      Turns: 689, Time: 00:01:17

Health: -8/19      AC:  5    Str: 13    XL:     3   Next: 68%
Magic:  4/8        EV: 12    Int: 15    God:    Vehumet [***...]
Gold:   0          SH:  0    Dex: 10    Spells: 0/9 levels left

rFire   . . .      SeeInvis .   k - +2 mace
rCold   . . .      Faith    .   (no shield)
rNeg    + . .      Spirit   .   a - +0 robe
rPois   ∞          Reflect  .   (no helmet)
rElec   +          Harm     .   (no cloak)
rCorr   .          Rampage  .   (no gloves)
Will    .....      NoTele   +   (no boots)
Stlth   ++........              (no amulet)
HPRegen 0.06/turn               (no ring)
MPRegen 0.11/turn               (no ring)

@: no status effects
A: sickness immunity, AC +3, negative energy resistance 1, electricity
resistance, torment resistance 1, petrification resistance
a: Renounce Religion


You were in the Dungeon.
You worshipped Vehumet.
Vehumet was most pleased with you.
You visited 1 branch

Inventory:

Hand Weapons
 k - a +2 mace (weapon)
Armour
 a - a +0 robe (worn)
Scrolls
 g - a scroll of blinking
 i - 5 scrolls of amnesia
 j - a scroll of summoning
Potions
 b - 5 potions of magic
 c - 5 potions of curing
 d - 6 potions of heal wounds
 e - a potion of haste
 f - 3 potions of berserk rage
 h - 2 potions of invisibility


   Skills:
 + Level 0.1 Fighting
 + Level 2.5 Dodging
 + Level 3.0 Stealth
 + Level 3.5 Spellcasting
 + Level 0.8 Transmutations
 + Level 7.2 Earth Magic


You couldn't memorise any spells.
You knew the following spells:

 Your Spells              Type           Power      Damage    Failure   Level
a - Sandblast             Erth           48%        2d12      1%          1
b - Passwall              Tmut/Erth      11%        N/A       5%          2
c - Stone Arrow           Conj/Erth      26%        3d8       3%          3
d - Mephitic Cloud        Conj/Pois/Air  2%         N/A       16%         3

Your spell library contained the following spells:

 Spells                   Type           Power      Damage    Failure   Level
 Petrify                  Tmut/Erth      14%        N/A       34%         4


Dungeon Overview and Level Annotations

Branches:
Dungeon (1/1)

Altars:
Ashenzari
Cheibriados
Dithmenos
Elyvilon
Fedhas
Gozag
Hepliaklqana
Kikubaaqudgha
Makhleb
Nemelex Xobeh
Okawaru
Qazlal
Ru
Sif Muna
Trog
Uskayaw
Vehumet
Wu Jian
Xom
Yredelemnul
Zin
The Shining One
Jiyva
Lugonu


Innate Abilities, Weirdness & Mutations

You are immune to sickness and miasma.
Your stone body is resilient. (AC +3)
You are immune to poison.
You resist negative energy. (rN+)
You are resistant to electric shocks. (rElec)
You are resistant to unholy torment.
You are immune to petrification.


Message History

There is an open door here.
Casting: Sandblast (safe; 1% risk of failure)
Confirm with . or Enter, or press ? or * to list all spells.
Aiming: Sandblast (safe; 1% risk of failure)
Press: ? - help, Shift-Dir - straight line, f - warg
Aim: a warg (76% to hit)
The blast of sand hits the warg.
The warg is lightly wounded.
Unknown command.
The warg attacks as you move away! The warg bites you but does no damage.
Casting: Sandblast (safe; 1% risk of failure)
Confirm with . or Enter, or press ? or * to list all spells.
The spell is extremely dangerous to miscast (13% risk of failure)!
Continue anyway?
Okay, then.
Casting: Stone Arrow (extremely dangerous; 13% risk of failure)
Confirm with . or Enter, or press ? or * to list all spells.
The spell is extremely dangerous to miscast (13% risk of failure)!
Continue anyway?
Aiming: Stone Arrow (extremely dangerous; 13% risk of failure)
Press: ? - help, Shift-Dir - straight line, f/p - warg
Aim: a warg (lightly wounded, 60% to hit)
The stone arrow hits the warg!
The warg is severely wounded.
The warg bites you.
Unknown command.
Unknown command.
Casting: Stone Arrow (extremely dangerous; 13% risk of failure)
Confirm with . or Enter, or press ? or * to list all spells.
Aiming: Sandblast (safe; 1% risk of failure)
Press: ? - help, Shift-Dir - straight line, f/p - warg
Aim: a warg (severely wounded, 76% to hit)
The blast of sand misses the warg.
The blast of sand hits the orc!
You kill the orc!
Vehumet accepts your kill.
Vehumet is now aiding your destructive spells.
You feel your power returning. The warg bites you!
Ouch! That really hurt!
* * * LOW HITPOINT WARNING * * *
The warg barely misses you. The warg bites you!
Ouch! That really hurt!
You die...

#...........'.....
#'#####'#####.....
#.#..#.....##.....
#.#))#####'#####'#
#.#))#...).##.....
#.#))#.....##.....
#.#[[###)####.....
#.##'#....)##...<.
#@#........##.....
#h#........##.....
#h###########.....
#.......# ######
#...o...#
#...#...# #..##
h.# #... .# #... #


You could see 2 wargs.

Vanquished Creatures
  2 gnolls (D)
  A river rat (D)
  2 ufetubi (D)
  2 orcs (D)
  A giant cockroach (D)
  2 bats (D)
  A rat (D)
11 creatures vanquished.

Notes
Turn   | Place    | Note
-------+----------+-------------------------------------------
     0 | D        | mhtbhm the Gargoyle Earth Elementalist began the quest for
                  | the Orb.
     0 | D        | Reached XP level 1. HP: 10/10 MP: 3/3
    11 | D        | Reached skill level 4 in Earth Magic
    16 | D        | Found a bloodstained altar of Trog.
    16 | D        | Found a shimmering blue altar of Sif Muna.
    16 | D        | Found a viscous altar of Jiyva.
    16 | D        | Found a hazy altar of Hepliaklqana.
    16 | D        | Found an opulent altar of Gozag.
    17 | D        | Found a glowing golden altar of the Shining One.
    17 | D        | Found a glowing silver altar of Zin.
    17 | D        | Found a basalt altar of Yredelemnul.
    17 | D        | Found a shimmering altar of Xom.
    17 | D        | Found an ornate altar of the Wu Jian Council.
    17 | D        | Found a sacrificial altar of Ru.
    17 | D        | Found a stormy altar of Qazlal.
    17 | D        | Found an iron altar of Okawaru.
    17 | D        | Found a sparkling altar of Nemelex Xobeh.
    17 | D        | Found a burning altar of Makhleb.
    17 | D        | Found a blossoming altar of Fedhas.
    17 | D        | Found a white marble altar of Elyvilon.
    17 | D        | Found a shadowy altar of Dithmenos.
    17 | D        | Found a snail-covered altar of Cheibriados.
    19 | D        | Found a radiant altar of Vehumet.
    19 | D        | Found a corrupted altar of Lugonu.
    20 | D        | Found a hide-covered altar of Uskayaw.
    20 | D        | Found an ancient bone altar of Kikubaaqudgha.
    20 | D        | Found a broken altar of Ashenzari.
    35 | D        | Became a worshipper of Vehumet
    79 | D        | Reached skill level 5 in Earth Magic
    90 | D        | Reached XP level 2. HP: 13/15 MP: 0/5
    94 | D        | Learned a level 2 spell: Passwall
   149 | D        | Reached * piety under Vehumet
   149 | D        | Offered knowledge of Magic Dart by Vehumet.
   154 | D        | Reached skill level 6 in Earth Magic
   347 | D        | Offered knowledge of Shock by Vehumet.
   347 | D        | Reached ** piety under Vehumet
   367 | D        | Reached XP level 3. HP: 15/19 MP: 3/7
   552 | D        | Offered knowledge of Mephitic Cloud by Vehumet.
   553 | D        | Reached skill level 7 in Earth Magic
   557 | D        | Learned a level 3 spell: Stone Arrow
   561 | D        | Learned a level 3 spell: Mephitic Cloud
   684 | D        | Noticed a warg
   684 | D        | Noticed a warg
   689 | D        | Reached *** piety under Vehumet
   689 | D        | Mangled by a warg

Illustrated notes

Levels and vault maps discovered:
D:        pitsprint [storerooms_1, entrance_room_1, metal_vault_5, armoury_3,
          mini_pit_1, grid_room_1, main_hall_1, silver_pit, the_coven_3,
          the_vestibule_1, steel_vault_4, golden_pit, hallway_of_sentries,
          crystal_vault_5, iron_vault_2, final_vault]

Skill      XL: |  1  2  3 |
---------------+----------+-----
Earth Magic    | 5 6 7 |  7.2
Dodging        | 2 |  2.5
Spellcasting   | 3 |  3.5
Stealth        | 3 |  3.0
Fighting       | |  0.1
Transmutations | |  0.8

Action                   || total
-------------------------++-------
 Cast: Sandblast         ||    19
       Stone Arrow       ||     1
  Use: Potion            ||     1
Armor: Robe              ||    10
Dodge: Dodged            ||    22

Table legend: (Time is in decaauts)
 A = Elapsed time spent in this place.
 B = Non-inter-level travel time spent in this place.
 C = Inter-level travel time spent in this place.
 D = Time resting spent in this place.
 E = Time spent auto-exploring this place.
 F = Levels seen in this place.
 G = Mean time per level.
                   A        B        C        D        E       F      G
               +--------+--------+--------+--------+--------+-----+--------+
         Total |    708 |    708 |      0 |    481 |     30 |   1 |  708.0 |
       Dungeon |    708 |    708 |      0 |    481 |     30 |   1 |  708.0 |
               +--------+--------+--------+--------+--------+-----+--------+

Top non-repeatable levels by time:
       D: 708 daAuts
